 Dungeon Crawl Stone Soup version 0.31-a0-963-ga325b2283a (webtiles) character file.

Game seed: 11856078588947200162

3057 Maxmaps the Shield-Bearer (level 9, -9/61 HPs)
             Began as an Octopode Shapeshifter on Oct 25, 2023.
             Mangled by a vampire
             ... wielding a +2 vampiric glaive
              (12 damage)
             ... in a bailey.
             The game lasted 00:13:38 (7302 turns).

Maxmaps the Shield-Bearer (Octopode Shapeshifter)   Turns: 7302, Time: 00:13:39

Health: -9/61      AC:  1    Str: 13    XL:     9   Next: 87%
Magic:  0/18       EV: 18    Int: 17    God:
Gold:   419        SH: 10    Dex: 11    Spells: 8/8 levels left

rFire   . .          .
                       - Unarmed
rCold   . . .        t - +0 kite shield
rNeg    . . .        (helmet currently unavailable)
rPois   .            f - amulet of guardian spirit
rElec   .            i - +5 ring of evasion
rCorr   +            j - ring of flight
SInv    .            p - ring of resist corrosion
Will    .....        r - ring of magical power
Stlth   ++++         (no ring)
HPRegen 0.30/turn    (no ring)
MPRegen 0.16/turn    (no ring)
                     (no ring)

%: guardian spirit
@: mighty, beast-form, flying, studying Shapeshifting
A: beast (slay +4), almost no armour, amphibious, 8 rings, camouflage 1,
gelatinous body 1, (nimble swimmer 1), tentacles
a: Begin Untransformation


You were in a bailey.
You were a hulking beast.
You visited 2 branches of the dungeon, and saw 8 of its levels.
You also visited: Bailey.

You collected 419 gold pieces.

Inventory:

Missiles
 s - 3 throwing nets
Armour
 t - a +0 kite shield (worn)
Jewellery
 f - an amulet of guardian spirit (around mantle)
 i - a +5 ring of evasion (left tentacle)
 j - a ring of flight (right tentacle)
 p - a ring of resist corrosion (on tentacle)
 r - a ring of magical power (on tentacle)
Talismans
 b - a beast talisman
 c - a flux talisman
Wands
 o - a wand of flame (43)
Potions
 l - 12 potions of degeneration
 n - 2 potions of curing


   Skills:
 - Level 5.0 Fighting
 - Level 5.1 Dodging
 - Level 7.0 Stealth
 + Level 7.4 Shields
 - Level 3.0 Unarmed Combat
 - Level 7.1 Shapeshifting


You had 8 spell levels left.
You didn't know any spells.
Your spell library contained the following spells:

 Spells                   Type           Power      Damage    Failure   Level
 Inner Flame              Hex/Fire       0%         N/A       89%         3
 Flame Wave               Conj/Fire      0%         2d4       100%        4
 Sticky Flame             Conj/Fire      0%         2d3       100%        4


Dungeon Overview and Level Annotations

Branches:
Dungeon (7/15)             Temple (1/1) D:6          Bailey (1/1)

Altars:
Ashenzari
Dithmenos
Elyvilon
Hepliaklqana
Kikubaaqudgha
Makhleb
Nemelex Xobeh
Okawaru
Qazlal
Ru
Sif Muna
Uskayaw
Vehumet
Wu Jian
Xom
Yredelemnul
Zin
The Shining One


Innate Abilities, Weirdness & Mutations

You are a hulking beast.
Your limbs bulge with bestial killing power. (Slay +4)
You cannot wear most types of armour.
You are amphibious.
You can wear up to eight rings at the same time.
Your skin changes colour to match your surroundings (Stealth+).
Your rubbery body absorbs attacks. (AC +1, EV +1)
((You are camouflaged when in or above water. (Stealth+)))
You have tentacles for arms and can constrict up to eight enemies at once.


Message History

The vampire is moderately damaged.
You constrict the vampire, but do no damage.
You block the vampire's attack. The vampire barely misses you.
You tentacle-slap the vampire. Your squeeze misses the vampire.
The vampire is heavily damaged.
You constrict the vampire, but do no damage.
The vampire hits you with a +2 vampiric glaive!
The vampire draws strength from your wounds!
The vampire misses you.
You tentacle-slap the vampire but do no damage.
The vampire is lightly damaged.
You constrict the vampire.
The vampire gestures wildly while chanting.
The vampire flickers and vanishes!
Deactivating autopickup; reactivate with Ctrl-A.
You block something's attack. x2
You tentacle-slap something but do no damage.
You constrict something. Something hits you!! You block something's attack.
You tentacle-slap something. You constrict something.
You block something's attack. Something closely misses you.
You tentacle-slap something. You constrict something.
Something barely misses you. Something bites you.
Something draws strength from your injuries!
You closely miss something. Your squeeze misses something.
You constrict something. Something hits you.
* * * LOW HITPOINT WARNING * * *
Something closely misses you.
It was a potion of might.
You feel very mighty all of a sudden.
You constrict something. Something hits you!!
* * * LOW HITPOINT WARNING * * *
Something bites you.
* * * LOW HITPOINT WARNING * * *
Something draws strength from your injuries!
You feel better.
You constrict something. Something hits you!
* * * LOW HITPOINT WARNING * * *
Something barely misses you.
Unknown command.
You closely miss something. You constrict something. Something hits you!
You die...

#......'..8...........
#......#..............
#......#######........
+......'..'..####.....
########''###..#.....#####.
#8.#8.....#....#......'..'.
#..#......#....#......#..#.
#..#.....{######.♣....#..#.
#.)#...##.h...........#..#.
#..#....##.....♣......#..#.
#..##....#.........♣..#..#.
#...##...##....♣......+..#.
#8......##............####.
#####....##......♣.....######
8...##...#...♣.....♣.........
.....##.V#...................
#...#..#.............######


There were no monsters in sight!

Vanquished Creatures
  A gargoyle (Bailey)
  Grinder (D:5)
  An ice beast (D:4)
  An orc warrior (D:4)
  2 centaurs
  2 phantoms (D:5)
  Blork the orc (D:6)
  A scorpion (D:6)
  5 wights
  6 killer bees (D:6)
  6 wolf zombies (Bailey)
  7 vampire bats (Bailey)
  2 howler monkeys
  2 jellies
  2 orc priests
  Crazy Yiuf (D:4)
  A gnoll bouda (D:6)
  2 hounds
  2 iguanas
  3 orc wizards
  12 gnolls
  22 orc zombies (Bailey)
  13 adders
  4 shadow imps
  2 white imps
  2 ufetubi (D:6)
  4 worms
  3 dart slugs
  19 orcs
  7 ball pythons
  3 bats
  4 endoplasms
  2 giant cockroaches
  10 goblins
  4 hobgoblins
  2 jackals (D:2)
  6 kobolds
  3 quokkas
  3 frilled lizards
  6 rats
180 creatures vanquished.

Notes
Turn   | Place    | Note
-------+----------+-------------------------------------------
     0 | D:1      | Maxmaps the Octopode Shapeshifter began the quest for the
                  | Orb.
     0 | D:1      | Reached XP level 1. HP: 13/13 MP: 1/1
   264 | D:1      | Reached XP level 2. HP: 18/18 MP: 2/2
   627 | D:2      | Reached XP level 3. HP: 10/23 MP: 3/3
   894 | D:2      | Reached XP level 4. HP: 28/28 MP: 4/4
  1336 | D:3      | Reached skill level 5 in Shapeshifting
  1491 | D:2      | Reached XP level 5. HP: 26/33 MP: 3/5
  1900 | D:4      | Noticed an ice beast
  1913 | D:4      | Killed an ice beast
  1914 | D:4      | Reached XP level 6. HP: 25/38 MP: 3/6
  2502 | D:4      | Reached XP level 7. HP: 43/43 MP: 7/7
  3217 | D:4      | Found a runed translucent door.
  3218 | D:4      | Noticed Crazy Yiuf
  3228 | D:4      | Killed Crazy Yiuf
  3320 | D:5      | Entered Level 5 of the Dungeon
  3336 | D:5      | Noticed Grinder
  3342 | D:5      | Paralysed by Grinder for 5 turns
  3352 | D:5      | Killed Grinder
  3353 | D:5      | Reached skill level 5 in Fighting
  3558 | D:5      | Reached XP level 8. HP: 43/55 MP: 6/8
  3569 | D:5      | Reached skill level 1 in Stealth
  4032 | D:5      | Identified the +1 spear of Destiny {venom, rF+ rCorr Int+3
                  | Dex-2}
  4401 | D:5      | Reached skill level 5 in Stealth
  4671 | D:6      | Found a staircase to the Ecumenical Temple.
  4680 | Temple   | Entered the Ecumenical Temple
  5232 | D:6      | Noticed Blork the orc
  5871 | D:6      | Reached skill level 5 in Dodging
  5871 | D:6      | Reached XP level 9. HP: 53/61 MP: 9/9
  5878 | D:6      | Reached skill level 1 in Shields
  6058 | D:6      | Killed Blork the orc
  6815 | D:7      | Found a flagged portal.
  6848 | Bailey   | Entered a bailey
  6909 | Bailey   | Reached skill level 5 in Shields
  7145 | Bailey   | Noticed a gargoyle
  7162 | Bailey   | Killed a gargoyle
  7300 | Bailey   | HP: 3/61 [something (1)]
  7302 | Bailey   | Mangled by a vampire

Illustrated notes

Levels and vault maps discovered:
D:1:      mrwooster_arrival_arrow, layout_loops_ring, corner_web_ring
D:2:      layout_rooms, grunt_ministairs_6
D:3:      layout_rooms, nicolae_grassy_gnolls
D:4:      layout_basic, minmay_manual_macuahuitl, uniq_crazy_yiuf_cottage
D:5:      layout_basic, amcnicky_mini_rare_corridor_liquid, uniq_grinder
D:6:      layout_basic, minmay_temple_entry_gardened_gates, uniq_blork_the_orc
D:7:      layout_rooms, chequers_temple_overflow_statue_of_worship,
          enter_bailey_7
Temple:   compressed_dpeg_circular_temple
Bailey:   bailey_polearm_vampire_castle_hellmonk, bailey

Skill      XL: |  1  2  3  4  5  6  7  8  9 |
---------------+----------------------------+-----
Shapeshifting  | 4 5 6 7 |  7.1
Fighting       | 5 |  5.0
Stealth        | 7 |  7.0
Dodging        | 5 |  5.1
Shields        | 7 |  7.4
Unarmed Combat | |  3.0

Action                     |  1- 3 |  4- 6 |  7- 9 || total
---------------------------+-------+-------+-------++-------
  Melee: Unarmed           |    50 |   113 |   346 ||   509
         Constrict         |    17 |    31 |    83 ||   131
         Tentacles         |    15 |    23 |    85 ||   123
         Punch             |     1 |     5 |    12 ||    18
    Use: Potion            |       |     1 |     9 ||    10
         Scroll            |       |       |    15 ||    15
   Stab: Sleeping          |     4 |     4 |    17 ||    25
         Invisible         |       |       |     2 ||     2
 Armour: Skin              |    15 |    41 |   184 ||   240
  Dodge: Dodged            |    35 |    86 |   232 ||   353
  Block: Kite shield       |       |       |    71 ||    71

Table legend: (Time is in decaauts)
 A = Elapsed time spent in this place.
 B = Non-inter-level travel time spent in this place.
 C = Inter-level travel time spent in this place.
 D = Time resting spent in this place.
 E = Time spent auto-exploring this place.
 F = Levels seen in this place.
 G = Mean time per level.
                   A        B        C        D        E       F      G
               +--------+--------+--------+--------+--------+-----+--------+
         Total |   7312 |   6902 |    410 |   1319 |   4147 |   9 |  812.4 |
       Dungeon |   6774 |   6424 |    350 |   1187 |   4050 |   7 |  967.7 |
        Temple |     61 |      1 |     60 |      0 |      0 |   1 |   61.0 |
        Bailey |    476 |    476 |      0 |    132 |     97 |   1 |  476.0 |
               +--------+--------+--------+--------+--------+-----+--------+

Top non-repeatable levels by time:
     D:6: 1468 daAuts
     D:5: 1435 daAuts
     D:4: 1255 daAuts
     D:3: 818 daAuts
     D:1: 677 daAuts
     D:2: 561 daAuts
     D:7: 558 daAuts
  Bailey: 476 daAuts
  Temple: 61 daAuts
